 Dungeon Crawl Stone Soup version 0.31-a0-702-gf82c85558f (webtiles) character file.

Game seed: 6399824443647635983

4 qw the Shooter (level 1, 0/12 HPs)
             Began as a Gargoyle Hunter on Sept 8, 2023.
             Slain by a jackal (2 damage)
             ... on level 1 of the Dungeon.
             The game lasted 00:00:03 (43 turns).

qw the Shooter (Gargoyle Hunter)                      Turns: 43, Time: 00:00:03

Health: 0/12       AC:  5    Str: 14    XL:     1   Next: 70%
Magic:  1/1        EV: 11    Int:  9    God:
Gold:   0          SH:  0    Dex: 13    Spells: 0/0 levels left

rFire   . . .        a - +0 shortbow
rCold   . . .        (shield currently unavailable)
rNeg    + . .        c - +0 leather armour
rPois   inf          (no helmet)
rElec   +            (no cloak)
rCorr   .            (no gloves)
SInv    .            (no boots)
Will    .....        (no amulet)
Stlth   +            (no ring)
HPRegen 0.22/turn    (no ring)
MPRegen 0.07/turn

%: no passive effects
@: no status effects
A: sickness immunity, AC +2, negative energy resistance 1, electricity
resistance, torment resistance 1, petrification resistance
a: no special abilities


You were on level 1 of the Dungeon.
You visited 1 branch of the dungeon, and saw 1 of its levels.


Innate Abilities, Weirdness & Mutations

You are immune to sickness and miasma.
Your stone body is resilient. (AC +2)
You are immune to poison.
You resist negative energy. (rN+)
You are resistant to electric shocks. (rElec)
You are resistant to unholy torment.
You are immune to petrification.


   Skills:
 - Level 2.1 Fighting
 + Level 4.2 Ranged Weapons
 - Level 1.5 Dodging
 - Level 1.1 Stealth


You couldn't memorise any spells.
You didn't know any spells.
Your spell library was empty.

Inventory:

Hand Weapons
 a - a +0 shortbow (weapon)
Armour
 c - a +0 leather armour (worn)
Jewellery
 d - a +5 ring of evasion
Scrolls
 b - a scroll of butterflies
Potions
 e - a potion of mutation {unknown}

Dungeon Overview and Level Annotations

Branches:
Dungeon (1/15)

Altars:


Message History

The ball python hisses angrily.
You shoot an arrow. The arrow closely misses the jackal.
The jackal bites you but does no damage.
A jackal comes into view.
The jackal barely misses you.
You shoot an arrow. The arrow closely misses the jackal.
The jackal misses you. The ball python closely misses you. x2
You shoot an arrow. The arrow closely misses the jackal.
The jackal bites you but does no damage.
The ball python bites you but does no damage.
The ball python grabs you. The ball python constricts you.
You shoot an arrow.
The arrow closely misses the ball python.
The jackal closely misses you. The jackal barely misses you.
The ball python bites you. The ball python constricts you.
The jackal bites you. x2
The ball python barely misses you. The ball python constricts you.
You shoot an arrow. The arrow hits the ball python.
You kill the ball python!
The jackal bites you but does no damage. x2
The jackal bites you.
The jackal bites you but does no damage.
The jackal misses you.
You shoot an arrow. The arrow hits the jackal.
The jackal is heavily wounded.
The jackal barely misses you. x2; The jackal bites you.
You shoot an arrow. The arrow hits the jackal.
The jackal is severely wounded.
The jackal completely misses you. The jackal closely misses you.
The jackal bites you.
The jackal bites you but does no damage.
The jackal bites you.
The jackal bites you but does no damage.
You shoot an arrow. The arrow closely misses the jackal.
The jackal barely misses you. The jackal bites you.
The jackal bites you but does no damage.
The jackal closely misses you. The jackal bites you.
The jackal completely misses you.
You shoot an arrow. The arrow barely misses the jackal.
The jackal bites you.
You die...

.....#.#........#
####..#..##.?.###
##...###.### .
##.####.# ..
#....%..# ...
#.......######.#.#
#......%%........+
............h.....#
##........#@h#.#..
#........#h.......
#...............#.
####.#..##..#..>#
#.#...........$
#.#............ .##
##### ##.


You could see 3 jackals.

Vanquished Creatures
  2 ball pythons (D:1)
  A jackal (D:1)
  A bat (D:1)
4 creatures vanquished.

Notes
Turn   | Place    | Note
-------+----------+-------------------------------------------
     0 | D:1      | qw the Gargoyle Hunter began the quest for the Orb.
     0 | D:1      | Reached XP level 1. HP: 12/12 MP: 1/1
     0 | D:1      | 0 ||| qw: Version: 0.3-a-76-g4403597
     0 | D:1      | 0 ||| qw: Game counter: 1231
     0 | D:1      | 0 ||| qw: Melee chars always use a shield: true
     0 | D:1      | 0 ||| qw: God list: Okawaru
     0 | D:1      | 0 ||| qw: Allow faded altars: false
     0 | D:1      | 0 ||| qw: Do Orc after clearing Dungeon:15 true
     0 | D:1      | 0 ||| qw: Do second Lair branch before Depths: true
     0 | D:1      | 0 ||| qw: Lair rune preference: random
     0 | D:1      | 0 ||| qw: Goals: Normal
     0 | D:1      | 0 ||| PLANNING D:1-11
    42 | D:1      | HP: 3/12 [jackal (1)]
    43 | D:1      | Slain by a jackal

Levels and vault maps discovered:
D:1:      psy_arrival_dodecagon, layout_loops_cross, serial_shops,
          nicolae_shop_gaudy_bauble, nicolae_diamond_shop,
          nicolae_shop_real_fake_doors, nicolae_shop_statue_plus,
          nrook_loot_triangle

Action                     || total
---------------------------++-------
   Fire: Shortbow          ||    18
 Armour: Leather armour    ||    19
  Dodge: Dodged            ||    15

Table legend:
 A = Non-vault XP
 B = Vault XP
 C = Vault XP percentage of total XP
 D = Non-vault monster count
 E = Vault monster count
 F = Vault count percentage of total count
                 A         B        C        D         E       F
            +---------+---------+-------+---------+---------+-------
      Total |       7 |       0 |   0.0 |       4 |       0 |   0.0
            +---------+---------+-------+---------+---------+-------
        D:1 |       7 |       0 |   0.0 |       4 |       0 |   0.0
            +---------+---------+-------+---------+---------+-------
